 Dungeon Crawl Stone Soup version 0.30-a0-1035-g38d5fb2972 (webtiles) character file.

Game seed: 1664044004345917486

4 DeathPants the Stinger (level 1, 0/15 HPs)
             Began as a Naga Venom Mage on Apr 8, 2023.
             Slain by a jackal (1 damage)
             ... on level 1 of the Dungeon.
             The game lasted 00:02:02 (245 turns).

DeathPants the Stinger (Naga Venom Mage)             Turns: 245, Time: 00:02:02

Health: 0/15       AC:  1    Str: 10    XL:     1   Next: 60%
Magic:  1/3        EV:  9    Int: 15    God:
Gold:   14         SH:  0    Dex: 11    Spells: 3/4 levels left

rFire   . . .      SeeInvis +    a - staff of poison
rCold   . . .      Faith    .    (no shield)
rNeg    . . .      Spirit   .    g - +0 robe
rPois   +          Reflect  .    (no helmet)
rElec   .          Rampage  .    (no cloak)
rCorr   .                        (no gloves)
Will    .....                    (no barding)
Stlth   ++                       (no amulet)
HPRegen 0.22/turn                (no ring)
MPRegen 0.08/turn                (no ring)

@: very slow
A: AC +0, large, see invisible, deformed body, poison resistance, slowness 2,
spit poison 1, naga tail 1
a: Spit Poison


You were on level 1 of the Dungeon.
You visited 1 branch of the dungeon, and saw 2 of its levels.

You collected 14 gold pieces.

Inventory:

Armour
 g - a +0 robe (worn)
Magical Staves
 a - a staff of poison (weapon)
Scrolls
 d - 2 scrolls of identify {unknown}
 h - a scroll of vulnerability {unknown}
Potions
 b - a potion of magic
 c - a potion of berserk rage {unknown}
 e - a potion of invisibility {unknown}
 f - a potion of flight {unknown}


   Skills:
 - Level 1.5 Dodging
 - Level 3.0 Stealth
 - Level 2.0 Spellcasting
 - Level 1.0 Transmutations
 * Level 4.3 Poison Magic
 + Level 0.2 Evocations


You had 3 spell levels left.
You knew the following spells:

 Your Spells              Type           Power      Damage    Failure   Level
a - Sting                 Tmut/Pois      56%        1d5       8%          1

Your spell library contained the following spells:

 Spells                   Type           Power      Damage    Failure   Level
 Poisonous Vapours        Pois/Air       22%        N/A       14%         2
 Mephitic Cloud           Conj/Pois/Air  8%         N/A       36%         3
 Olgreb's Toxic Radiance  Pois           21%        N/A       36%         4


Dungeon Overview and Level Annotations

Branches:
Dungeon (2/15)

Altars:


Innate Abilities, Weirdness & Mutations

Your serpentine skin is tough. (AC +0)
You have supernaturally acute eyesight. (SInv)
Armour fits poorly on your strangely shaped body.
Your system is resistant to poisons. (rPois)
You cover ground very slowly.
You can spit poison.
You have a snake-like lower body.


Message History

There is a stone staircase leading up here.
You climb upwards.
There is a stone staircase leading down here.
d - 2 scrolls labelled ZAOSOU ENUULO (gained 1)
Found 5 stones.
A ball python comes into view.
Aiming: Sting (safe; 8% risk of failure)
Press: ? - help, Q - select action, (/) - cycle Shift-Dir - straight line, f - ball python
Aim: a ball python (asleep, 100% to hit)
You feel a surge of power!
The sting hits the ball python.
The ball python is poisoned.
You kill the ball python!
Magic restored.
h - a scroll labelled NUEZXA JENEWK
Found a pair of boots.
A jackal comes into view.
A giant cockroach comes into view. 2 jackals come into view.
The jackal barks!
You hear a bark!
The jackal closely misses you.
A quokka comes into view.
The jackal bites you. The jackal bites you. The quokka bites you.
Aiming: Sting (safe; 8% risk of failure)
Press: ? - help, Q - select action, (/) - cycle Shift-Dir - straight line, f - quokka
Aim: a quokka (60% to hit)
You feel a surge of power!
The sting misses the quokka.
The jackal bites you. The quokka bites you.
* * * LOW HITPOINT WARNING * * *
The jackal barely misses you.
Aiming: Sting (safe; 8% risk of failure)
Press: ? - help, Q - select action, (/) - cycle Shift-Dir - straight line, f/p - quokka
Aim: a quokka (60% to hit)
You feel a surge of power!
The sting hits the quokka.
The quokka is poisoned.
The quokka is lightly wounded.
The quokka bites you.
* * * LOW HITPOINT WARNING * * *
The jackal bites you.
You die...

... #...# #....# h ..
######...#######....#
..B#.#.............##....#
..h......................8
#h.h..........###..##
####.#....##### #...#
#h#....# #.... #h#....#
###.# #@#....# #..
#r#....# ### #......# #
...#.### # #... #....
..... ......


You could see a quokka (poisoned) and 3 jackals.

Vanquished Creatures
  A kobold (D:1)
  A ball python (D:1)
  2 bats (D:1)
4 creatures vanquished.

Notes
Turn   | Place    | Note
-------+----------+-------------------------------------------
     0 | D:1      | DeathPants the Naga Venom Mage began the quest for the Orb.
     0 | D:1      | Reached XP level 1. HP: 15/15 MP: 3/3
   245 | D:1      | Slain by a jackal

Illustrated notes

Levels and vault maps discovered:
D:1:      scummos_arrival_simple_crosswalls, layout_loops_cross, serial_shops,
          shop_fountains
D:2:      layout_rooms

Action                     || total
---------------------------++-------
  Melee: Staff             ||     4
   Cast: Sting             ||     5
 Armour: Robe              ||     7
  Dodge: Dodged            ||     6

Table legend: (Time is in decaauts)
 A = Elapsed time spent in this place.
 B = Non-inter-level travel time spent in this place.
 C = Inter-level travel time spent in this place.
 D = Time resting spent in this place.
 E = Time spent auto-exploring this place.
 F = Levels seen in this place.
 G = Mean time per level.
                   A        B        C        D        E       F      G
               +--------+--------+--------+--------+--------+-----+--------+
         Total |    315 |    315 |      0 |      0 |    238 |   2 |  157.5 |
       Dungeon |    315 |    315 |      0 |      0 |    238 |   2 |  157.5 |
               +--------+--------+--------+--------+--------+-----+--------+

Top non-repeatable levels by time:
     D:1: 313 daAuts
     D:2: 1 daAuts
